 Dungeon Crawl Stone Soup version 0.21-a0-1-gaf3b9a5 (webtiles) character file.

288156 kuniqs the Fighter (level 20, -15/112 HPs)
             Began as a Vine Stalker Fighter on May 20, 2017.
             Was a Follower of Uskayaw.
             Demolished by a saltling (19 damage)
             ... in the Desolation of Salt on May 21, 2017.
             The game lasted 01:21:52 (32335 turns).

kuniqs the Fighter (Vine Stalker Fighter)          Turns: 32335, Time: 01:21:53

Health: -15/112    AC: 35    Str: 20    XL:     20   Next: 68%
Magic:  0/31       EV: 15    Int: 14    God:    Uskayaw [*.....]
Gold:   263        SH: 14    Dex: 23    Spells: 19/19 levels left

rFire    + + .     SeeInvis .   C - +8 lance "Wyrmbane" {slay drac, rPois rF+ rC+ AC+3}
rCold    + + .     Gourm    .   r - +0 shield {rC+}
rNeg     . . .     Faith    .   x - +1 plate armour of Prudence {+Blink Int+3 Slay+2}
rPois    +         Spirit   +   h - +2 hat {Int+3}
rElec    .         Reflect  .   V - +2 cloak
rCorr    .         Harm     .   P - +2 pair of gloves
MR       ++...     Clarity  +   B - +1 pair of boots {Stlth+}
Stlth    +.........             X - amulet "Dicsearo" {Regen+ Dex+3}
Regen    1.5/turn               J - +4 ring of protection
MPRegen  0.3/turn               o - ring of Xom's Whim {rF+ Str-2 Slay+3}

@: lethally poisoned (-15 -> -16), very slightly contaminated, studying
Fighting, drained
A: fangs 3, clarity, regeneration 2, magic shield, antimagic bite, no potion
heal 3, rot immunity
}: 2/15 runes: serpentine, barnacled
a: Stomp, Renounce Religion, Evoke Blink


You were in the Desolation of Salt.
You worshipped Uskayaw.
Uskayaw was pleased with you.
You were not hungry.

You visited 8 branches of the dungeon, and saw 35 of its levels.
You visited 1 bazaar.
You also visited: Desolation.

You collected 4285 gold pieces.
You spent 4022 gold pieces at shops.

Inventory:

Hand Weapons
 C - the +8 lance "Wyrmbane" (weapon) {slay drac, rPois rF+ rC+ AC+3}
   (You took it off a deep elf elementalist on level 3 of the Elven Halls)

   It affects your AC (+3).
   It protects you from fire.
   It protects you from cold.
   It protects you from poison.
Missiles
 c - 10 throwing nets (quivered)
Armour
 h - a +2 hat of intelligence (worn)
 r - a +0 shield of cold resistance (worn)
 x - the +1 plate armour of Prudence (worn) {+Blink Int+3 Slay+2}
   (You bought it in a shop on level 1 of the Orcish Mines)

   It affects your intelligence (+3).
   It affects your accuracy and damage with ranged weapons and melee attacks
   (+2).
   It lets you blink.
 B - a +1 pair of boots of stealth (worn)
 P - a +2 pair of gloves (worn)
 V - a +2 cloak (worn)
Jewellery
 o - the ring of Xom's Whim (right hand) {rF+ Str-2 Slay+3}
   (You took it off a merfolk on level 3 of the Shoals)

   [ring of strength]

   It affects your strength (-2).
   It affects your accuracy and damage with ranged weapons and melee attacks
   (+3).
   It protects you from fire.
 J - a +4 ring of protection (left hand)
 X - the amulet "Dicsearo" (around neck) {Regen+ Dex+3}
   (You bought it in a shop on level 1 of the Orcish Mines)

   [amulet of regeneration]

   It affects your dexterity (+3).
   It increases your rate of regeneration.
Wands
 q - a wand of acid (10/15)
 D - a wand of paralysis (9/24)
 F - a wand of disintegration (11/24)
 G - a wand of iceblast (6/15)
 I - a wand of clouds (1/9)
 L - a wand of iceblast (7/15)
 S - a wand of digging (4/24)
 U - a wand of digging (8/24)
Scrolls
 i - 5 scrolls of teleportation
 j - 4 scrolls of fear
 k - 8 scrolls of recharging
 m - 2 scrolls of remove curse {@r2}
 v - 5 scrolls of enchant armour
 y - 2 scrolls of magic mapping
 M - a scroll of fog
 W - 2 scrolls of identify {@r1}
Potions
 a - 2 potions of resistance
 b - 4 potions of agility
 g - 7 potions of might
 l - 4 potions of haste
 t - 2 potions of mutation
 u - 3 potions of invisibility
 w - 9 potions of curing {@q1}
 E - 3 potions of flight
 R - 2 potions of cancellation
 T - a potion of ambrosia
Books
 Y - a manual of Fighting
Miscellaneous
 O - 4 boxes of beasts
Comestibles
 d - 15 bread rations
 e - 12 meat rations
 f - 15 fruits
 s - 15 royal jellies


   Skills:
 + Level 14.7(14.0) Fighting
   Level 10.0(9.3) Short Blades
 + Level 1.2(0.7) Polearms
 + Level 13.6(13.0) Armour
 + Level 13.3(12.6) Dodging
 - Level 10.0(9.4) Stealth
 + Level 14.4(13.7) Shields
 + Level 14.4(13.7) Invocations


You had 19 spell levels left.
You didn't know any spells.

Dungeon Overview and Level Annotations

Branches:
Dungeon (14/15)            Temple (1/1) D:6            Lair (6/6) D:8
 Shoals (4/4) Lair:2        Snake (4/4) Lair:3        Slime (0/5) Lair:5
    Orc (2/2) D:10            Elf (3/3) Orc:2        Vaults (1/5) D:13

Altars:
Ashenzari
Cheibriados
Elyvilon
Fedhas
Gozag
Hepliaklqana
Kikubaaqudgha
Makhleb
Nemelex Xobeh
Okawaru
Qazlal
Ru
Sif Muna
Trog
Uskayaw
Vehumet
Wu Jian
Xom
Yredelemnul
Jiyva

Shops:
Orc:1 *%[=   Orc:2 *[(?

Portals:
Abyss: D:9

Annotations:
D:10 exclusion: door
Lair:4 nikopol's ghost, journeyman GrBe
Shoals:4 Ilsuiw


Innate Abilities, Weirdness & Mutations

You have razor-sharp teeth.
You heal very quickly.
When hurt, damage is shared between your health and your magic reserves.
Your bite disrupts and absorbs the magic of your enemies.
Potions cannot restore your health.
You are immune to rotting.
You possess an exceptional clarity of mind.


Message History

You block the peacekeeper's attack. The saltling hits you!
* * * LOW HITPOINT WARNING * * *
You block the saltling's attack. The saltling misses you.
You block the saltling's attack.
The saltling hits you but does no damage. x2
The saltling closely misses you.
The peacekeeper bites you but does no damage.
The peacekeeper claws you but does no damage.
The saltling barely misses you. You block the saltling's attack.
Your plate armour of Prudence prevents you from hitting the saltling.
You bite the saltling, but do no damage.
The guardian serpent casts a spell at you.
The bolt of poison hits the peacekeeper.
The peacekeeper completely resists.
The bolt of poison hits the saltling.
The saltling completely resists.
The bolt of poison hits you! You resist.
* * * LOW HITPOINT WARNING * * *
The peacekeeper roars a battlecry!
The saltling goes into a battle-frenzy!
The saltling hits you!!
You die...

...............
.....#..........
...#............
................
................
.......∩........
......888.........
......8@8.........
......888........§
.......8....##....
.......S8........§
.......8..........
.................§
......88.......§§§
..#.............§.
................§§


You could see 2 peacekeepers, a guardian serpent and 11 saltlings.

Vanquished Creatures
  Vashnia (Snake:2)
  3 deep elf blademasters
  2 deep elf master archers (Elf:3)
  The ghost of PeterMcNeter the Eclecticist, an adept DEFE of Sif Muna (Elf:2)
  Gastronok (Lair:2)
  Kirke (Lair:6)
  11 nagarajas
  6 deep elf sorcerers (Elf:3)
  Aizul (Snake:1)
  An orc warlord (Orc:2)
  4 deep elf elementalists (Elf:3)
  5 deep elf annihilators (Elf:3)
  2 deep elf demonologists (Elf:3)
  12 merfolk impalers
  8 merfolk javelineers
  3 deep elf death magi (Elf:3)
  3 deep elf high priests (Elf:3)
  3 merfolk avatars
  Fannar (D:11)
  14 naga warriors
  6 hydras
  23 anacondas
  A vault guard (D:13)
  An alligator snapping turtle (Shoals:2)
  Erica (D:11)
  2 centaur warriors
  A deep troll shaman (Lair:6)
  3 ogre magi
  4 satyrs
  2 catoblepae (Lair:6)
  Urug (Lair:4)
  18 dancing weapons
  16 two-headed ogres
  16 naga sharpshooters
  A tengu warrior (D:13)
  5 death yaks (Lair:6)
  An orc high priest (Orc:2)
  13 shock serpents
  13 deep elf knights
  An unseen horror (D:12)
  A salamander mystic (Snake:4)
  A large abomination (Elf:3)
  An iron troll (Orc:2)
  14 sea snakes
  A deep troll (Orc:1)
  2 deep elf archers
  2 wizards
  7 naga ritualists
  12 harpies
  11 mana vipers
  A wolf spider (D:14)
  2 orc knights (Orc:1)
  6 ugly things
  51 deep elf magi
  4 cyclopes
  3 orc sorcerers
  An oklob plant (Lair:3)
  29 fauns
  13 merfolk sirens
  4 salamanders
  7 manticores
  14 elephants
  2 centaur zombies (D:13)
  Psyche (D:11)
  Maurice (D:8)
  38 black mambas
  A vault sentinel (Vaults:1)
  8 water nymphs
  A gargoyle (D:10)
  12 guardian serpents
  20 naga magi
  13 spiny frogs
  3 rime drakes
  10 komodo dragons
  A yaktaur (Shoals:3)
  36 merfolk
  8 trolls
  6 polar bears
  3 wind drakes
  9 hippogriffs
  A blink frog (shapeshifter) (Vaults:1)
  A saltling (Desolation)
  Prince Ribbit (D:7)
  14 blink frogs
  6 snapping turtles
  3 slime creatures (D:13)
  A shadow (D:13)
  7 water elementals
  2 wraiths
  A spriggan (shapeshifter) (Vaults:1)
  4 air elementals
  A spriggan (D:9)
  A vampire (D:10)
  2 wyverns
  39 yaks
  6 fire elementals
  A hungry ghost (D:13)
  Grum (D:9)
  3 basilisks
  4 hogs (Lair:6)
  56 nagas
  2 wargs
  An acid dragon (D:13)
  12 porcupines
  10 water moccasins
  21 orc warriors
  5 black bears
  2 eyes of draining
  7 necrophages
  4 ice beasts
  7 sky beasts
  24 ogres
  7 wolves
  17 centaurs
  12 crocodiles
  14 bullfrogs
  A wyvern zombie (D:13)
  An earth elemental (Elf:3)
  5 scorpions
  A wyvern skeleton (D:10)
  11 killer bees
  14 wights
  4 howler monkeys
  A vampire bat (Lair:3)
  5 crimson imps
  A bullfrog zombie (D:8)
  A bullfrog skeleton (D:9)
  A quasit (D:10)
  2 jellies
  19 orc wizards
  2 iguanas
  9 orc priests
  5 centaur skeletons
  8 hounds
  A gnoll shaman (D:7)
  Natasha (thrice) (D:4 D:5)
  13 worker ants
  2 hound zombies
  2 hound skeletons (D:5)
  12 adders
  8 gnolls
  A howler monkey skeleton (D:7)
  A river rat (D:6)
  2 shadow imps
  4 oozes
  An adder skeleton (D:4)
  An adder zombie (D:8)
  5 worms
  2 dart slugs
  6 leopard geckos
  82 orcs
  4 ball pythons
  17 bats
  7 giant cockroaches
  12 hobgoblins
  15 jackals
  6 quokkas
  3 frilled lizards
  10 goblins
  5 kobolds
  A leopard gecko zombie (D:6)
  A quokka skeleton (D:3)
  6 rats
  3 crawling corpses (Elf:3)
  2 fungi
  A pillar of salt (Vaults:1)
  2 plants
1204 creatures vanquished.

Vanquished Creatures (others)
  A deep elf mage (Elf:1)
  A wizard (D:11)
  A cyclops (D:10)
  3 humans (Lair:6)
  3 centaurs (D:13)
  An orc (Orc:2)
  A goblin (D:3)
  8 fungi
  2 pillars of salt (Vaults:1)
  55 plants
  4 tentacles (Shoals:4)
80 creatures vanquished.

Grand Total: 1284 creatures vanquished

Notes
Turn   | Place    | Note
-------+----------+-------------------------------------------
     0 | D:1      | kuniqs the Vine Stalker Fighter began the quest for the Orb.
     0 | D:1      | Reached XP level 1. HP: 11/11 MP: 2/2
   150 | D:1      | Reached XP level 2. HP: 12/16 MP: 3/3
   375 | D:1      | Reached XP level 3. HP: 20/20 MP: 4/4
   418 | D:1      | You fall through a shaft!
   661 | D:2      | Reached skill level 1 in Dodging
  1005 | D:2      | Gained mutation: Your natural rate of healing is unusually fast. [Vine Stalker growth]
  1005 | D:2      | Reached XP level 4. HP: 24/24 MP: 5/5
  1015 | D:2      | Found a bloodstained altar of Trog.
  1807 | D:3      | Found a sacrificial altar of Ru.
  1818 | D:3      | Reached XP level 5. HP: 28/28 MP: 6/6
  2376 | D:4      | Noticed an ogre
  2386 | D:4      | Killed an ogre
  2386 | D:4      | Reached XP level 6. HP: 30/33 MP: 7/7
  2393 | D:4      | Noticed Natasha
  2424 | D:4      | Killed Natasha
  2565 | D:4      | Reached XP level 7. HP: 35/37 MP: 8/8
  3139 | D:5      | Entered Level 5 of the Dungeon
  3151 | D:5      | Noticed Natasha
  3157 | D:5      | Killed Natasha
  3290 | D:5      | You fall through a shaft!
  3308 | D:6      | Noticed a brown ugly thing
  3317 | D:6      | HP: 1/38 [acid (4)]
  3319 | D:6      | Killed a brown ugly thing
  3319 | D:6      | Reached skill level 5 in Fighting
  3319 | D:6      | Gained mutation: You have razor-sharp teeth. [Vine Stalker growth]
  3319 | D:6      | Reached XP level 8. HP: 2/43 MP: 1/9
  3421 | D:6      | Noticed a hippogriff
  3463 | D:6      | Killed a hippogriff
  3483 | D:6      | Reached skill level 5 in Shields
  3495 | D:6      | Gained mutation: You heal very quickly. [mutagenic meat]
  3583 | D:6      | Reached XP level 9. HP: 23/47 MP: 5/10
  3718 | D:6      | Found a staircase to the Ecumenical Temple.
  3774 | D:6      | Got a dazzling trident
  3775 | D:6      | Identified the +7 trident "Jiyceusa" {flame, MP+9 Str+4 Dex+2} (You found it on level 6 of the Dungeon)
  4234 | D:5      | Reached skill level 5 in Short Blades
  4318 | D:5      | Reached skill level 5 in Armour
  4325 | D:5      | Noticed Natasha
  4330 | D:5      | Killed Natasha
  4435 | D:5      | Found an ancient bone altar of Kikubaaqudgha.
  4436 | D:5      | Found a blossoming altar of Fedhas.
  4735 | Temple   | Entered the Ecumenical Temple
  4780 | Temple   | Became a worshipper of Uskayaw the Reveler
  4866 | D:7      | Reached * piety under Uskayaw
  4881 | D:7      | Reached ** piety under Uskayaw
  4978 | D:7      | Reached *** piety under Uskayaw
  4985 | D:7      | Reached **** piety under Uskayaw
  4991 | D:7      | Reached ***** piety under Uskayaw
  5003 | D:7      | Found a white marble altar of Elyvilon.
  5006 | D:7      | Reached skill level 1 in Invocations
  5282 | D:7      | Noticed Prince Ribbit
  5536 | D:7      | Killed Prince Ribbit
  5717 | D:8      | Reached skill level 5 in Dodging
  5744 | D:8      | Reached XP level 10. HP: 53/53 MP: 12/12
  5773 | D:8      | Reached ****** piety under Uskayaw
  5785 | D:8      | Found a staircase to the Lair.
  6192 | D:8      | Noticed Maurice
  6280 | D:8      | Killed Maurice
  7267 | D:9      | Noticed Grum
  7277 | D:9      | Killed Grum
  7395 | D:9      | Noticed an orange demon
  7396 | D:9      | Found a one-way gate to the infinite horrors of the Abyss.
  7695 | D:10     | Entered Level 10 of the Dungeon
  7700 | D:10     | Reached XP level 11. HP: 57/58 MP: 15/15
  8142 | D:10     | Found a staircase to the Orcish Mines.
  8220 | D:10     | Noticed a cyclops
  8220 | D:10     | Noticed a wizard
  8220 | D:10     | Noticed a two-headed ogre
  8220 | D:10     | Noticed a cyclops
  8250 | D:9      | Killed a two-headed ogre
  8258 | D:10     | Killed a wizard
  8258 | D:10     | Reached skill level 5 in Invocations
  8259 | D:10     | Killed a cyclops
  8263 | D:10     | Killed a cyclops
  8428 | D:11     | Noticed Psyche
  8437 | D:11     | Killed Psyche
  8569 | D:11     | Identified a scroll of acquirement
  8700 | D:11     | Found a bloodstained altar of Trog.
  9229 | D:11     | Noticed a wizard
  9234 | D:11     | Killed a wizard
  9372 | D:11     | Noticed Fannar
  9387 | D:11     | Killed Fannar
  9439 | D:11     | Noticed Erica
  9459 | D:11     | Killed Erica
  9459 | D:11     | Mutation became permanent: Your natural rate of healing is unusually fast. [Vine Stalker growth]
  9459 | D:11     | Gained mutation: You heal very quickly. [Vine Stalker growth]
  9459 | D:11     | Reached XP level 12. HP: 50/65 MP: 12/17
  9588 | D:13     | Noticed a tengu warrior
  9599 | D:13     | Killed a tengu warrior
  9945 | D:12     | Noticed a two-headed ogre
  9957 | D:12     | Killed a two-headed ogre
 10237 | D:14     | Noticed a five-headed hydra
 10384 | D:13     | Noticed a two-headed ogre
 10392 | D:13     | Killed a two-headed ogre
 10536 | D:13     | Noticed a centaur warrior
 10567 | D:13     | Killed a centaur warrior
 10659 | D:13     | Found a gate to the Vaults.
 10659 | D:13     | Noticed a vault guard
 10676 | D:13     | Killed a vault guard
 10802 | D:13     | Killed a five-headed hydra
 10802 | D:13     | Reached XP level 13. HP: 58/70 MP: 19/19
 10827 | D:14     | Noticed a fire giant
 10966 | Lair:1   | Entered Level 1 of the Lair of Beasts
 11645 | Lair:2   | Noticed Gastronok
 11667 | Lair:2   | Killed Gastronok
 12201 | Lair:2   | Found a staircase to the Shoals.
 13201 | Lair:3   | Found a staircase to the Snake Pit.
 13755 | Lair:4   | Noticed Urug
 13769 | Lair:4   | Killed Urug
 13769 | Lair:4   | Reached XP level 14. HP: 73/76 MP: 21/21
 13806 | Lair:4   | Reached skill level 10 in Fighting
 13925 | Lair:4   | Noticed nikopol's ghost (journeyman GrBe)
 14478 | Lair:5   | Reached skill level 10 in Shields
 14611 | Lair:5   | Found a viscous altar of Jiyva.
 14612 | Lair:5   | Found a staircase to the Slime Pits.
 15201 | Lair:6   | Entered Level 6 of the Lair of Beasts
 15271 | Lair:6   | Reached skill level 10 in Short Blades
 15284 | Lair:6   | Reached skill level 1 in Stealth
 15645 | Lair:6   | Noticed Kirke
 15831 | Lair:6   | Killed Kirke
 16109 | Lair:6   | Reached XP level 15. HP: 72/81 MP: 23/23
 16693 | Orc:1    | Entered Level 1 of the Orcish Mines
 16732 | Orc:1    | Found Coykhef's Food Shop.
 16850 | Orc:1    | Found Zoiwn's Jewellery Shop.
 16868 | Orc:1    | Bought the amulet "Dicsearo" {Regen+ Dex+3} for 562 gold pieces
 16961 | Orc:1    | Found Bepakyum's Armour Boutique.
 16974 | Orc:1    | Bought a +2 shield for 297 gold pieces
 17002 | Orc:1    | Found Xobes's General Store.
 17271 | Orc:2    | Entered Level 2 of the Orcish Mines
 17271 | Orc:2    | Found a staircase to the Elven Halls.
 17276 | Orc:2    | Reached skill level 5 in Stealth
 17570 | Orc:2    | Paralysed by an orc sorcerer for 3 turns
 17634 | Orc:1    | Reached skill level 10 in Armour
 17698 | Orc:2    | Found Ustacump's Antique Armour Boutique.
 17713 | Orc:2    | Found Epetar's Magic Scroll Emporium.
 17720 | Orc:2    | Found Vesien's Assorted Antiques.
 17727 | Orc:2    | Found Atifoaw's Antique Weapon Shop.
 17751 | Orc:2    | Bought a coiled golden ring for 160 gold pieces
 17751 | Orc:2    | Identified the ring of Sumeevvah {Wiz rC+} (You bought it in a shop on level 2 of the Orcish Mines)
 17976 | Orc:2    | Reached skill level 10 in Invocations
 18280 | Orc:2    | Noticed an orc warlord
 18291 | Orc:2    | Killed an orc warlord
 18433 | Orc:2    | Bought a warped plate armour for 868 gold pieces
 18433 | Orc:2    | Identified the +2 plate armour of Guroycs {rPois rC+++ MP-9 Int-5} (You bought it in a shop on level 2 of the Orcish Mines)
 18467 | Orc:2    | Bought a pair of runed boots for 232 gold pieces
 18467 | Orc:2    | Bought a pair of glowing gloves for 232 gold pieces
 18722 | Snake:1  | Entered Level 1 of the Snake Pit
 18772 | Snake:1  | Noticed Aizul
 18800 | Snake:1  | Killed Aizul
 19076 | Snake:1  | Reached skill level 10 in Dodging
 19150 | Snake:1  | Reached XP level 16. HP: 71/87 MP: 24/24
 19363 | Snake:2  | Noticed a nagaraja
 19369 | Snake:2  | Killed a nagaraja
 20058 | Snake:2  | Noticed Vashnia
 20108 | Snake:2  | Killed Vashnia
 20497 | Snake:2  | Noticed a nagaraja
 20517 | Snake:2  | Killed a nagaraja
 20859 | Snake:3  | Found a snail-covered altar of Cheibriados.
 21118 | Snake:3  | Reached XP level 17. HP: 93/93 MP: 26/26
 21375 | Snake:3  | Reached skill level 10 in Stealth
 21881 | Snake:4  | Entered Level 4 of the Snake Pit
 21906 | Snake:4  | Found a shattered altar of Ashenzari.
 23468 | Snake:4  | Reached XP level 18. HP: 94/99 MP: 28/28
 23662 | Snake:4  | Got a serpentine rune of Zot
 23936 | Shoals:1 | Entered Level 1 of the Shoals
 24057 | Shoals:2 | Found a flickering gateway to a bazaar.
 24065 | Bazaar   | Entered a bazaar
 24077 | Bazaar   | Found Jautofi's Gadget Shop.
 24106 | Bazaar   | Found Datwaph's Gadget Shop.
 24119 | Bazaar   | Found Qyut's Distillery.
 24141 | Bazaar   | Found Yxoax's Distillery.
 24150 | Bazaar   | Bought 2 potions of mutation for 224 gold pieces
 24170 | Bazaar   | Bought a potion of resistance for 70 gold pieces
 24174 | Bazaar   | Bought a potion of agility for 28 gold pieces
 26611 | Shoals:4 | Entered Level 4 of the Shoals
 26840 | Shoals:4 | Got a crude rapier
 26841 | Shoals:4 | Identified the cursed +1 rapier of Crusades {drain, Str-4 Int+4 Dex+2 SInv} (You found it on level 4 of the Shoals)
 27002 | Shoals:4 | Noticed Ilsuiw
 27064 | Shoals:4 | Got a barnacled rune of Zot
 27176 | Shoals:3 | Reached XP level 19. HP: 67/105 MP: 27/29
 27331 | Shoals:3 | Got a faintly glowing ivory ring
 27334 | Shoals:3 | Identified the cursed ring of Xom's Whim {rF+ Str-2 Slay+3} (You took it off a merfolk on level 3 of the Shoals)
 28389 | Orc:2    | Bought a scroll of blinking for 97 gold pieces
 28394 | Orc:2    | Bought a pair of runed boots for 232 gold pieces
 28478 | Elf:1    | Entered Level 1 of the Elven Halls
 28502 | Elf:1    | Found a radiant altar of Vehumet.
 29390 | Elf:2    | Noticed PeterMcNeter's ghost (adept DEFE)
 29668 | Elf:2    | Found a runed gate.
 29668 | Elf:2    | Found a runed gate.
 29674 | Elf:2    | Found a runed gate.
 29991 | Elf:2    | Killed PeterMcNeter's ghost
 30141 | Elf:2    | Reached XP level 20. HP: 109/111 MP: 22/31
 30306 | Elf:3    | Entered Level 3 of the Elven Halls
 31517 | Elf:3    | Identified Sif Muna's Compendium of the Boosting Voyage
 31539 | Elf:3    | Got a clouded iron ring
 31541 | Elf:3    | Identified the ring of Zowerr {*Tele rF+ MR+} (You took it off a deep elf demonologist on level 3 of the Elven Halls)
 32024 | Orc:1    | Bought the +1 plate armour of Prudence {+Blink Int+3 Slay+2} for 1020 gold pieces
 32047 | Orc:1    | Gained mutation: You are weak. (Str -2) [potion of mutation]
 32047 | Orc:1    | Gained mutation: You possess an exceptional clarity of mind. [potion of mutation]
 32047 | Orc:1    | Lost mutation: You are weak. (Str -2) [potion of mutation]
 32204 | Vaults:1 | Entered Level 1 of the Vaults
 32210 | Vaults:1 | Reached skill level 1 in Polearms
 32230 | Vaults:1 | Found a ruined gateway.
 32298 | Desolati | Entered the Desolation of Salt
 32334 | Desolati | HP: 3/112 [saltling (6)]
 32335 | Desolati | Demolished by a saltling

Vault maps used:
D:1:      elethiomel_arrival_infinity_welcomes_careful_drivers
D:2:      overflow_temple_1_default, first_bread
D:3:      nicolae_ru_great_annihilating_truth
D:4:      uniq_natasha
D:5:      grunt_temple_overflow_growth_and_decay
D:6:      minmay_temple_entry_statues_pillars, portal_sewer_entry_e
D:7:      old_standard_altar, uniq_prince_ribbit1
D:8:      due_lair_maze_entry_diamond, uniq_psyche, uniq_maurice
D:9:      the_bakery, lemuel_hellish_altar, uniq_grum
D:10:     minmay_shrinking_squares, orc_0_dummy
D:11:     grunt_decor_cap, trog_wizard, uniq_fannar, uniq_erica
D:13:     david_vaults_5
D:14:     minmay_expanding_circles, infiniplex_staircase_squiggle
Temple:   eino_narrow_crystal_temple
Lair:2:   elwin_shoals_entry_stream, wad_woods_road_02, lemuel_fruit_fields,
          uniq_gastronok
Lair:3:   beast_lair_carwin_large_2, dummy_snake_entry, roderic_batcave,
          minmay_lair_oklob_items, grunt_megastairs_1
Lair:4:   uniq_urug
Lair:5:   slime_altar_1, roderic_carrion_pond, serial_bayou_shore_b,
          grunt_megastairs_3
Lair:6:   grunt_lair_end_beastmaster, minivault_25, st_stairs_5, uniq_kirke
Shoals:1: centaur_isle
Shoals:2: serial_shops, bzr_entry_safe
Shoals:3: cheibrodos_shoals_oceanic_diplomacy, yaktaur_hedge
Shoals:4: shoals_end_grunt_garden, shoals_ilsuiw_alternative
Snake:1:  uniq_aizul
Snake:2:  uniq_vashnia
Snake:3:  basic_altar, serial_bayou_shore_b
Snake:4:  grunt_snake_rune_serpentine_throne, basic_altar
Orc:1:    cheibrodos_orc_arena, serial_shops, shop, shop,
          nicolae_shop_statue_plus, shop_statue
Orc:2:    st_orc_open, minmay_orc_barracks
Elf:1:    eino_elf_arrival_altar, evilmike_minifort, hex_large
Elf:3:    minmay_elf_hall_furrowed
Vaults:1: hangedman_vaults_locks, vaults_dpeg_spiral,
          nicolae_vaults_inception_scallops, v_misc_31,
          nicolae_vaults_back_hallway, hangedman_vaults_restitches,
          nicolae_vaults_rhombus_5, v_misc_5, st_squares,
          hangedman_vaults_stream, nicolae_vaults_big_ls,
          nicolae_vaults_rhombus_6, serial_shops, shop_statue,
          portal_desolation_entry_garden
Bazaar:   dpeg_bazaar_wands

Skill      XL: |  1  2  3  4  5  6  7  8  9 10 11 12 13 14 15 16 17 18 19 20 |
---------------+-------------------------------------------------------------+-----
Short Blades   | 2 3 4 5 6 7 8 9 10 | 10.0
Fighting       | 3 4 5 6 7 8 9 10 11 12 13 14 | 14.7
Dodging        | 1 2 3 4 5 6 7 8 9 10 11 12 13 | 13.3
Shields        | 3 4 5 6 7 8 9 10 11 12 13 14 | 14.4
Armour         | 3 4 5 6 7 8 9 10 11 12 13 | 13.6
Invocations    | 2 4 5 7 8 9 10 11 12 13 14 | 14.4
Stealth        | 4 7 9 10 | 10.0
Polearms       | 1 |  1.2

Action                   |  1- 3 |  4- 6 |  7- 9 | 10-12 | 13-15 | 16-18 | 19-21 || total
-------------------------+-------+-------+-------+-------+-------+-------+-------++-------
Melee: Rapier            |    87 |   197 |   184 |       |       |       |       ||   468
       Bite              |    24 |    54 |   120 |   212 |   635 |   831 |   459 ||  2335
       Trident           |       |       |   135 |   525 |   876 |   649 |       ||  2185
       Unarmed           |       |       |       |    11 |     1 |       |       ||    12
       Short sword       |       |       |       |    31 |   385 |  1273 |   862 ||  2551
       Lance             |       |       |       |       |       |       |    98 ||    98
Invok: Stomp             |       |       |       |       |     1 |       |       ||     1
       Grand Finale      |       |       |       |       |     3 |     1 |       ||     4
Evoke: Wand              |       |       |       |       |       |     2 |     3 ||     5
  Use: Scroll            |       |     1 |     9 |    13 |    10 |    16 |    11 ||    60
       Potion            |       |       |     6 |     1 |       |     3 |     2 ||    12
 Stab: Paralysed         |       |     1 |     1 |    30 |   107 |   116 |    53 ||   308
       Sleeping          |       |       |       |       |     2 |     1 |     3 ||     6
       Distracted        |       |       |       |       |       |       |     3 ||     3
  Eat: Chunk             |       |     6 |    11 |    20 |    32 |    26 |    15 ||   110
       Royal jelly       |       |       |       |       |       |     2 |     1 ||     3
       Meat ration       |       |       |       |       |       |       |     3 ||     3
Armor: Chain mail        |    33 |    69 |    52 |       |       |       |       ||   154
       Scale mail        |     4 |       |       |    22 |   314 |       |       ||   340
       Plate armour      |       |       |    28 |   216 |    43 |   645 |   250 ||  1182
Dodge: Dodged            |    15 |    27 |    45 |   138 |   628 |   691 |   284 ||  1828
       Deflected         |       |     1 |     1 |     2 |       |       |       ||     4
Block: Shield            |    40 |   122 |   189 |   406 |  1088 |  1360 |   526 ||  3731
       Reflection        |       |     1 |     4 |    42 |     4 |       |       ||    51
       Other             |       |       |       |       |     1 |       |       ||     1
